[ AOE2 MATCH · #507016240 ]
UnrankedBritons vs Cumans
Player's team · WIN
Rival team · LOSS
[ REPLAY ANALYSIS · EXTRACTED FROM THE RECORDED GAME ]
Feudal
9:01
Castle
22:04
Imperial
—
| APM avg | 64.7 |
| APM peak | 90 |
| eAPM avg | 21.4 |
| Villagers / military | 49 / 49 |
Focus
⚔️ 47.6% · 🌾 52.4%
Archer ×40 · Battering Ram ×4 · Militia ×3 · Mangonel ×1 · Skirmisher ×1
Feudal
12:44
Castle
—
Imperial
—
| APM avg | 56.1 |
| APM peak | 91 |
| eAPM avg | 31.0 |
| Villagers / military | 82 / 7 |
Focus
⚔️ 26.4% · 🌾 73.6%
Skirmisher ×4 · Militia ×3
Match map
Initial resources + every placement click. Lines = walls · curves = elevation contours. ◆ gold · ⬟ stone · ● berries · ✦ relic · ◌ wall gap
Your base· Open — unwalled flank
Dudulastar's base· Open — 3t gap
Smoothed initial terrain · ◌ = detected wall gap · hover for details
Inputs per minute
— RD | El_Zapatero22 - - Dudulastar
Build order — RD | El_Zapatero22
149 actions detected in the replay
| 0:01 | Create | Villager (Male) ×4 |
| 0:02 | Build | House |
| 0:02 | Build | House |
| 1:31 | Create | Villager (Male) |
| 1:46 | Create | Villager (Male) |
| 1:47 | Create | Villager (Male) |
| 2:06 | Create | Villager (Male) |
| 2:07 | Create | Villager (Male) |
| 2:12 | Build | Lumber Camp |
| 2:25 | Create | Villager (Male) |
| 2:25 | Create | Villager (Male) |
| 2:26 | Create | Villager (Male) |
| 2:41 | Build | House |
| 2:58 | Create | Villager (Male) |
| 3:12 | Create | Villager (Male) |
| 3:51 | Create | Villager (Male) |
| 4:00 | Create | Villager (Male) |
| 4:21 | Create | Villager (Male) |
| 4:52 | Create | Villager (Male) |
| 5:30 | Build | Barracks |
| 5:44 | Create | Villager (Male) |
| 6:00 | Build | House |
| 6:16 | Research | Loom |
| 6:30 | Create | Militia |
| 6:44 | Create | Villager (Male) |
| 6:51 | Research | Feudal Age |
| 6:51 | Research | Feudal Age |
| 7:14 | Build | Mining Camp |
| 7:15 | Create | Militia |
| 7:56 | Create | Militia |
| 8:26 | Create | Villager (Male) |
| 9:01 | Age | Feudal Age |
| 9:05 | Create | Villager (Male) |
| 9:10 | Build | Archery Range |
| 9:28 | Create | Villager (Male) |
| 9:50 | Build | House |
| 10:08 | Build | Mill |
| 10:13 | Build | Blacksmith |
| 10:16 | Create | Villager (Male) |
| 10:27 | Create | Archer |
| 10:47 | Create | Villager (Male) |
| 10:54 | Research | Fletching |
| 11:06 | Create | Villager (Male) |
| 11:21 | Create | Archer |
| 11:22 | Create | Archer |
| 11:22 | Create | Archer |
| 11:29 | Build | House |
| 11:31 | Create | Villager (Male) |
| 11:53 | Create | Archer |
| 11:54 | Create | Villager (Male) |
| 12:03 | Build | House |
| 12:07 | Create | Archer |
| 12:22 | Create | Villager (Male) |
| 12:30 | Create | Villager (Male) |
| 12:43 | Create | Archer |
| 12:45 | Build | Archery Range |
| 12:54 | Create | Archer |
| 13:26 | Create | Villager (Male) |
| 13:37 | Create | Villager (Male) |
| 13:47 | Create | Villager (Male) |
| 13:48 | Create | Archer |
| 13:48 | Create | Archer |
| 13:49 | Build | Farm |
| 13:57 | Create | Archer |
| 14:04 | Create | Archer |
| 14:21 | Create | Villager (Male) |
| 14:24 | Build | Farm |
| 14:26 | Build | House |
| 14:32 | Build | House |
| 14:46 | Create | Villager (Male) |
| 15:04 | Research | Double-Bit Axe |
| 15:08 | Build | Farm |
| 15:13 | Build | Farm |
| 15:15 | Create | Archer |
| 15:24 | Create | Archer |
| 15:24 | Create | Archer |
| 15:26 | Create | Villager (Male) |
| 15:39 | Create | Archer |
| 15:43 | Build | Farm |
| 15:50 | Create | Villager (Male) |
| 15:54 | Build | House |
| 15:59 | Build | Farm |
| 16:08 | Create | Villager (Male) |
| 16:30 | Build | Farm |
| 16:36 | Create | Archer |
| 16:50 | Create | Villager (Male) |
| 16:57 | Build | Market |
| 17:04 | Build | Farm |
| 17:25 | Create | Villager (Male) |
| 17:36 | Create | Villager (Male) |
| 17:57 | Create | Villager (Male) |
| 18:07 | Build | Farm |
| 18:08 | Build | Farm |
| 18:08 | Build | Farm |
| 18:08 | Build | Farm |
| 18:52 | Build | Farm |
| 18:59 | Build | Lumber Camp |
| 19:24 | Research | Castle Age |
| 19:25 | Create | Archer |
| 19:25 | Create | Archer |
| 19:26 | Create | Archer |
| 20:14 | Create | Archer |
| 20:14 | Create | Skirmisher |
| 20:20 | Research | Gold Mining |
| 20:24 | Build | House |
| 20:27 | Create | Archer |
| 20:34 | Build | Archery Range |
| 20:38 | Create | Archer |
| 20:38 | Create | Archer |
| 20:43 | Build | Lumber Camp |
| 21:31 | Create | Archer |
| 21:32 | Create | Archer |
| 21:54 | Create | Archer |
| 22:04 | Age | Castle Age |
| 22:06 | Build | Siege Workshop |
| 22:07 | Research | Crossbowman (upgrade) |
| 22:08 | Research | Bodkin Arrow |
| 22:26 | Create | Villager (Male) |
| 22:30 | Build | House |
| 22:32 | Create | Archer |
| 22:41 | Build | House |
| 22:44 | Create | Battering Ram |
| 22:46 | Build | House |
| 23:05 | Create | Villager (Male) |
| 23:09 | Create | Battering Ram |
| 23:11 | Create | Archer |
| 23:11 | Create | Archer |
| 23:26 | Create | Archer |
| 23:48 | Create | Archer |
| 23:48 | Create | Archer |
| 24:05 | Create | Archer |
| 24:05 | Create | Archer |
| 24:06 | Create | Archer |
| 24:09 | Create | Battering Ram |
| 24:16 | Create | Villager (Male) |
| 24:32 | Create | Villager (Male) |
| 24:42 | Research | Horse Collar |
| 24:58 | Create | Archer |
| 24:59 | Create | Archer |
| 25:01 | Create | Archer |
| 25:05 | Build | House |
| 25:09 | Create | Battering Ram |
| 25:16 | Create | Archer |
| 25:38 | Create | Mangonel |
| 25:46 | Create | Villager (Male) |
| 25:52 | Research | Bow Saw |
| 25:55 | Build | Farm |
| 26:30 | Create | Villager (Male) |
| 26:47 | Create | Villager (Male) |
Build order — Dudulastar
First 150 of 171 actions detected
| 0:01 | Create | Villager (Male) |
| 0:01 | Create | Villager (Male) |
| 0:01 | Create | Villager (Male) |
| 0:02 | Build | House |
| 0:03 | Build | House |
| 0:29 | Create | Villager (Male) |
| 1:24 | Create | Villager (Male) |
| 1:25 | Create | Villager (Male) |
| 1:48 | Build | Lumber Camp |
| 2:15 | Create | Villager (Male) |
| 2:15 | Create | Villager (Male) |
| 2:45 | Create | Villager (Male) |
| 2:46 | Create | Villager (Male) |
| 3:00 | Create | Villager (Male) |
| 3:57 | Create | Villager (Male) |
| 3:58 | Create | Villager (Male) |
| 4:11 | Build | House |
| 4:37 | Create | Villager (Male) |
| 4:49 | Build | Barracks |
| 4:56 | Create | Villager (Male) |
| 5:26 | Create | Villager (Male) |
| 5:47 | Create | Villager (Male) |
| 5:55 | Build | House |
| 6:08 | Create | Militia |
| 6:13 | Build | House |
| 6:15 | Build | House |
| 6:31 | Create | Militia |
| 6:32 | Create | Militia |
| 6:35 | Create | Villager (Male) |
| 7:14 | Create | Villager (Male) |
| 7:14 | Create | Villager (Male) |
| 7:14 | Create | Villager (Male) |
| 7:14 | Create | Villager (Male) |
| 7:27 | Build | Palisade Wall |
| 7:27 | Build | Palisade Wall |
| 8:05 | Create | Villager (Male) |
| 8:09 | Build | Mill |
| 8:49 | Create | Villager (Male) |
| 8:49 | Create | Villager (Male) |
| 9:20 | Research | Loom |
| 9:52 | Build | House |
| 10:20 | Research | Feudal Age |
| 10:24 | Build | Palisade Wall |
| 10:29 | Build | House |
| 10:30 | Build | Palisade Wall |
| 10:46 | Build | House |
| 10:51 | Build | Palisade Wall |
| 11:14 | Build | House |
| 11:39 | Build | Palisade Wall |
| 12:44 | Age | Feudal Age |
| 12:47 | Build | Archery Range |
| 13:02 | Create | Villager (Male) |
| 13:04 | Create | Villager (Male) |
| 13:06 | Build | Town Center |
| 13:28 | Create | Skirmisher |
| 13:28 | Create | Skirmisher |
| 13:43 | Build | House |
| 13:56 | Create | Villager (Male) |
| 13:56 | Create | Villager (Male) |
| 13:57 | Build | Farm |
| 13:58 | Build | Farm |
| 14:07 | Build | Farm |
| 14:22 | Create | Villager (Male) |
| 14:27 | Create | Villager (Male) |
| 14:33 | Create | Villager (Male) |
| 14:33 | Create | Villager (Male) |
| 14:33 | Create | Villager (Male) |
| 14:34 | Create | Villager (Male) |
| 14:50 | Create | Villager (Male) |
| 15:05 | Build | Farm |
| 15:27 | Build | Farm |
| 15:30 | Build | Farm |
| 15:33 | Build | Farm |
| 15:51 | Build | Watch Tower |
| 15:56 | Create | Villager (Male) |
| 15:57 | Build | Farm |
| 16:06 | Build | Farm |
| 16:09 | Build | House |
| 16:14 | Build | Palisade Wall |
| 16:21 | Build | Farm |
| 16:41 | Create | Villager (Male) |
| 16:44 | Build | Farm |
| 16:46 | Build | Farm |
| 16:46 | Build | Farm |
| 16:47 | Build | Farm |
| 16:58 | Build | Farm |
| 17:08 | Create | Villager (Male) |
| 17:08 | Create | Villager (Male) |
| 17:15 | Create | Villager (Male) |
| 17:41 | Build | Farm |
| 17:42 | Create | Villager (Male) |
| 17:46 | Build | Farm |
| 17:47 | Create | Villager (Male) |
| 17:57 | Build | Farm |
| 17:58 | Create | Villager (Male) |
| 18:10 | Create | Villager (Male) |
| 18:26 | Build | Farm |
| 18:32 | Build | Farm |
| 18:32 | Build | Farm |
| 18:33 | Create | Villager (Male) |
| 18:39 | Build | Mining Camp |
| 18:41 | Create | Villager (Male) |
| 18:41 | Create | Villager (Male) |
| 18:50 | Build | Farm |
| 18:53 | Create | Villager (Male) |
| 19:00 | Build | Mill |
| 19:07 | Create | Villager (Male) |
| 19:20 | Build | Farm |
| 19:22 | Build | Farm |
| 19:23 | Create | Villager (Male) |
| 19:23 | Create | Villager (Male) |
| 19:27 | Create | Villager (Male) |
| 19:27 | Create | Villager (Male) |
| 19:45 | Create | Skirmisher |
| 19:46 | Create | Villager (Male) |
| 19:52 | Build | Farm |
| 19:53 | Build | Farm |
| 20:00 | Create | Villager (Male) |
| 20:04 | Build | Farm |
| 20:05 | Create | Villager (Male) |
| 20:10 | Build | Watch Tower |
| 20:14 | Create | Villager (Male) |
| 20:17 | Create | Villager (Male) |
| 20:17 | Create | Villager (Male) |
| 20:29 | Create | Villager (Male) |
| 20:44 | Create | Villager (Male) |
| 20:45 | Create | Villager (Male) |
| 20:48 | Build | House |
| 20:49 | Build | House |
| 20:54 | Create | Villager (Male) |
| 20:54 | Create | Villager (Male) |
| 20:54 | Create | Villager (Male) |
| 20:58 | Build | Mining Camp |
| 21:02 | Build | Farm |
| 21:03 | Create | Villager (Male) |
| 21:19 | Build | Lumber Camp |
| 21:31 | Create | Skirmisher |
| 21:35 | Create | Villager (Male) |
| 21:35 | Create | Villager (Male) |
| 21:51 | Build | House |
| 21:54 | Build | House |
| 21:59 | Research | Wheelbarrow |
| 22:00 | Create | Villager (Male) |
| 22:00 | Create | Villager (Male) |
| 22:08 | Create | Villager (Male) |
| 22:15 | Create | Villager (Male) |
| 22:28 | Build | Lumber Camp |
| 22:39 | Build | Farm |
| 22:44 | Build | House |
| 22:45 | Build | House |
Match timeline
| 4:49 | Dudulastar · first_building Barracks |
| 5:30 | RD | El_Zapatero22 · first_building Barracks |
| 7:27 | Dudulastar · wall_segment Palisade Wall x7 |
| 7:27 | Dudulastar · wall_segment Palisade Wall x1 |
| 9:01 | RD | El_Zapatero22 · age_up feudal |
| 9:10 | RD | El_Zapatero22 · first_building Archery Range |
| 10:24 | Dudulastar · wall_segment Palisade Wall x1 |
| 10:30 | Dudulastar · wall_segment Palisade Wall x1 |
| 10:51 | Dudulastar · wall_segment Palisade Wall x2 |
| 11:39 | Dudulastar · wall_segment Palisade Wall x6 |
| 12:44 | Dudulastar · age_up feudal |
| 12:47 | Dudulastar · first_building Archery Range |
| 16:14 | Dudulastar · wall_segment Palisade Wall x1 |
| 18:01 | RD | El_Zapatero22 · first_market_buy 500 food |
| 18:02 | RD | El_Zapatero22 · first_market_sell 500 stone |
| 22:04 | RD | El_Zapatero22 · age_up castle |
| 22:06 | RD | El_Zapatero22 · first_building Siege Workshop |
| 23:52 | Dudulastar · wall_segment Palisade Wall x1 |
| 24:40 | Dudulastar · first_market_sell 100 food |
| 27:01 | Dudulastar · resign |
[ AI ANALYSIS · 1 CREDIT ]
What really happened in this match?
Wolo.gg analyzes every decision: build order, eco, micro, common mistakes by bracket. Personalized analysis on WhatsApp or Discord in 30 seconds.
Civ guide
Britons
Perfil
Jugador #17795993